 Dungeon Crawl Stone Soup version 0.23-a0-650-ga4d50d4 (webtiles) character file.

149 mhoghedin the Cutter (level 5, -1/49 HPs)
             Began as a Kobold Berserker on Jan 4, 2019.
             Was a Believer of Trog.
             Slain by an orc
             ... wielding a +0 club
              (4 damage)
             ... on level 3 of the Dungeon.
             The game lasted 00:02:33 (1910 turns).

mhoghedin the Cutter (Kobold Berserker)             Turns: 1910, Time: 00:02:33

Health: -1/49      AC:  2    Str: 20    XL:     5   Next: 57%
Magic:  5/5        EV: 16    Int:  9    God:    Trog [**....]
Gold:   134        SH:  0    Dex: 14    Spells: 4/4 levels left

rFire    . . .     SeeInvis .   a - +0 short sword
rCold    . . .     Gourm    .   (shield restricted)
rNeg     . . .     Faith    .   b - +0 animal skin
rPois    .         Spirit   .   (no helmet)
rElec    .         Reflect  .   (no cloak)
rCorr    .         Harm     .   (no gloves)
MR       .....                  (no boots)
Stlth    ..........             (no amulet)
HPRegen  0.16/turn              (no ring)
MPRegen  0.09/turn              (no ring)

@: berserking, very quick
A: small, carnivore
a: Berserk, Trog's Hand, Renounce Religion


You were on level 3 of the Dungeon.
You worshipped Trog.
Trog was pleased with you.
You were full.

You visited 1 branch of the dungeon, and saw 3 of its levels.

You collected 134 gold pieces.

Inventory:

Hand Weapons
 a - a +0 short sword (weapon)
Armour
 b - a +0 animal skin (worn)
Jewellery
 n - a +3 ring of strength {unknown}
   (You found it on level 2 of the Dungeon)
Wands
 q - a wand of paralysis (3)
   (You found it on level 3 of the Dungeon)
Scrolls
 d - a scroll of magic mapping {unknown}
 f - 3 scrolls of remove curse {unknown}
 h - 2 scrolls of identify {unknown}
 i - 3 scrolls of teleportation {unknown}
 j - a scroll of blinking {unknown}
 o - a scroll of fear {unknown}
 p - a scroll of amnesia {unknown}
 r - a scroll of random uselessness {unknown}
Potions
 e - 2 potions of degeneration {unknown}
 g - 4 potions of curing {unknown}
 k - 2 potions of haste {unknown}
 l - a potion of heal wounds {unknown}
 m - 2 potions of flight {unknown}
Comestibles
 c - 5 rations


   Skills:
 + Level 4.2 Fighting
 + Level 5.1 Short Blades
 - Level 1.5 Armour
 + Level 3.8 Dodging
 + Level 3.3 Stealth


You had 4 spell levels left.
You didn't know any spells.
Your spell library was empty.

Dungeon Overview and Level Annotations

Branches:
Dungeon (3/15)

Altars:
Dithmenos
Vehumet


Innate Abilities, Weirdness & Mutations

You are small and have problems with some larger weapons.
You are carnivorous and can eat meat at any time.


Message History

You swing at nothing.
The bat hits you but does no damage.
You swing at nothing.
The bat barely misses you.
You hit the bat but do no damage. The bat hits you.
You take 1 damage, and have 16/33 hp.
You swing at nothing.
You recover from your berserk rage.
The bat barely misses you.
You swing at nothing.
The bat hits you but does no damage.
You swing at nothing.
The bat barely misses you.
You swing at nothing.
The bat hits you.
You take 1 damage, and have 15/33 hp.
You swing at nothing.
The bat hits you but does no damage.
You swing at nothing.
The bat barely misses you. The bat closely misses you.
You swing at nothing.
The bat completely misses you.
You swing at nothing.
The bat hits you but does no damage.
You barely miss the bat. The bat barely misses you. The bat misses you.
The bat hits you but does no damage.
You hit the bat.
You kill the bat!
Trog accepts your kill.
r - 2 chunks of flesh {@w0} You see here an adder skeleton.
You start resting.
Eating one of 2 chunks of flesh {@w0}.
You eat one of the 2 chunks of flesh {@w0}.
This raw flesh tastes great.
Eating a chunk of flesh {@w0}.
You eat the chunk of flesh {@w0}.
This raw flesh tastes great.
g - 4 orange potions (gained 1)
You now have 120 gold pieces (gained 12).
A rat comes into view.
Health restored: 33 A rat is nearby!
A rat is nearby!
You see here a ration.
The helpless rat fails to defend itself.
You impale the rat!!
You kill the rat!
Trog accepts your kill.
No target in view!
No target in view!
No target in view!
No target in view!
No target in view!
No target in view!
No target in view!
No target in view!
No target in view!
No target in view!
No target in view!
No target in view!
No target in view!
No target in view!
c - 5 rations (gained 1)
m - 2 pink potions (gained 1)
r - a scroll labeled BURHIH SAUDWEU You now have 131 gold pieces (gained 11).
You now have 134 gold pieces (gained 3).
An orc comes into view. It is wielding a +0 club.
A leopard gecko comes into view.
The orc shouts!
You hear a shout!
The leopard gecko hisses angrily.
You hear a shout!
An orc comes into view. It is wielding a +0 mace.
An orc priest comes into view. It is wielding a +0 short sword.
The orc shouts!
You hear a shout!
An orc comes into view. It is wielding a +0 dagger.
The leopard gecko closely misses you.
You hit the leopard gecko.
You kill the leopard gecko!
Trog accepts your kill. The orc misses you.
You hit the orc.
The orc priest invokes the aid of Beogh against you.
Beogh smites you! The orc misses you.
You closely miss the orc. The orc hits you with a +0 club.
You hit the orc. You hit the orc. The orc barely misses you.
The orc hits you with a +0 dagger.
The orc priest hits you but does no damage.
You take 16 damage, and have 17/33 hp.
MASSIVE DAMAGE!!
A red film seems to cover your vision as you go berserk!
You feel yourself moving faster!
You feel mighty!
You feel a lot less full. The orc hits you with a +0 dagger.
The orc priest hits you with a +0 short sword!
You now have 17/49 hp.
You hit the orc priest. The orc hits you with a +0 club.
* * * LOW HITPOINT WARNING * * *
You take 3 damage, and have 14/49 hp.
You barely miss the orc priest. The orc hits you but does no damage.
The orc priest hits you with a +0 short sword!
* * * LOW HITPOINT WARNING * * *
The orc hits you with a +0 mace.
* * * LOW HITPOINT WARNING * * *
You take 11 damage, and have 3/49 hp.
MASSIVE DAMAGE!!
You puncture the orc priest!
You kill the orc priest!
Trog accepts your kill. The orc hits you with a +0 club.
You die...

#.# #.# ###.# #.
...# .. #..##?#
.#.####....
......)oo# .#
..####@o# .#
#........# .#
#.######.##.#
#..$..# # #....##
.# . #....# #.###..
## #....# ####.
.......
..###....##.....
#......
..#.............#.#


You could see 3 orcs.

Vanquished Creatures
  An orc priest (D:3)
  A worker ant (D:2)
  2 adders
  3 gnolls (D:3)
  An ooze (D:1)
  A worm (D:2)
  A dart slug (D:3)
  A leopard gecko (D:3)
  A ball python (D:1)
  7 bats
  2 giant cockroaches
  5 goblins
  5 hobgoblins
  A quokka (D:3)
  3 frilled lizards (D:1)
  5 kobolds
  7 rats
47 creatures vanquished.

Notes
Turn   | Place    | Note
-------+----------+-------------------------------------------
     0 | D:1      | mhoghedin the Kobold Berserker began the quest for the Orb.
     0 | D:1      | Reached XP level 1. HP: 14/14 MP: 1/1
   132 | D:1      | Reached skill level 1 in Stealth
   132 | D:1      | Reached XP level 2. HP: 19/19 MP: 2/2
   371 | D:1      | Reached XP level 3. HP: 21/23 MP: 3/3
   453 | D:1      | Reached ** piety under Trog
   663 | D:2      | HP: 8/36 [worker ant (2)]
   664 | D:2      | Reached skill level 3 in Dodging
   664 | D:2      | Reached skill level 2 in Stealth
   666 | D:2      | Reached XP level 4. HP: 6/29 MP: 4/4
  1385 | D:2      | Found a radiant altar of Vehumet.
  1486 | D:3      | Found a shadowy altar of Dithmenos.
  1512 | D:3      | Reached skill level 4 in Fighting
  1562 | D:3      | Reached XP level 5. HP: 28/33 MP: 5/5
  1628 | D:3      | Reached skill level 5 in Short Blades
  1628 | D:3      | Reached skill level 3 in Stealth
  1909 | D:3      | HP: 6/49 [orc priest/+0 short sword (8)]
  1910 | D:3      | Slain by an orc

Vault maps used:
D:1:      dpeg_arrival_rhombus
D:2:      vehumet_crystals
D:3:      zin_treasury, nicolae_dithmenos_shadow_blocks, ashenzari_altar_1,
          first_ration, tgw_sif

Skill      XL: |  1  2  3  4  5 |
---------------+----------------+-----
Stealth        | 1 2 3 |  3.3
Dodging        | 3 |  3.8
Fighting       | 4 |  4.2
Short Blades   | 5 |  5.1
Armour         | |  1.5

Action                   |  1- 3 |  4- 6 || total
-------------------------+-------+-------++-------
Melee: Short sword       |    72 |    85 ||   157
Invok: Berserk           |     1 |     4 ||     5
 Stab: Sleeping          |     1 |     2 ||     3
  Eat: Chunk             |     2 |    11 ||    13
Armor: Animal skin       |    13 |    24 ||    37
Dodge: Dodged            |    54 |    93 ||   147

Table legend:
 A = Non-vault XP
 B = Vault XP
 C = Vault XP percentage of total XP
 D = Non-vault monster count
 E = Vault monster count
 F = Vault count percentage of total count
                 A         B        C        D         E       F
            +---------+---------+-------+---------+---------+-------
      Total |     214 |       0 |   0.0 |      47 |       0 |   0.0
            +---------+---------+-------+---------+---------+-------
        D:1 |      38 |       0 |   0.0 |      24 |       0 |   0.0
        D:2 |      64 |       0 |   0.0 |      10 |       0 |   0.0
        D:3 |     112 |       0 |   0.0 |      13 |       0 |   0.0
            +---------+---------+-------+---------+---------+-------

Vault maps used:
D:1:      dpeg_arrival_rhombus
D:2:      vehumet_crystals
D:3:      zin_treasury, nicolae_dithmenos_shadow_blocks, ashenzari_altar_1,
          first_ration, tgw_sif

Table legend:
 A = Turns spent in this place as a percentage of turns spent in the entire game.
 B = Non-inter-level travel turns spent in this place as a percentage of non-inter-level travel turns spent in the entire game.
 C = Inter-level travel turns spent in this place as a percentage of turns spent in this place.
 D = Turns resting spent in this place as a percentage of non-inter-level travel turns spent in this place.
 E = Turns spent auto-exploring this place as a percentage of non-inter-level travel turns spent in this place.
 F = Non-inter-level travel turns spent in this place divided by the number of levels of this place that you've seen.
                   A       B       C       D       E      F
               +-------+-------+-------+-------+-------+----------------------
         Total | 100.0 | 100.0 |   2.7 |  33.2 |  45.9 | 619.7
       Dungeon | 100.0 | 100.0 |   2.7 |  33.2 |  45.9 | 619.7
               +-------+-------+-------+-------+-------+----------------------

Table legend:
 A = Kills in this place as a percentage of kills in entire the game.
 B = Kills by you in this place as a percentage of kills by you in the entire game.
 C = Kills by friends in this place as a percentage of kills by friends in the entire game.
 D = Other kills in this place as a percentage of other kills in the entire game.
 E = Experience gained in this place as a percentage of experience gained in the entire game.
 F = Experience gained in this place divided by the number of levels of this place that you have seen.
                   A       B       C       D       E      F
               +-------+-------+-------+-------+-------+----------------------
         Total | 100.0 | 100.0 |   N/A |   N/A | 100.0 |  71.3
       Dungeon | 100.0 | 100.0 |   N/A |   N/A | 100.0 |  71.3
               +-------+-------+-------+-------+-------+----------------------
